 Dungeon Crawl Stone Soup version 0.30.1-4-g462c640d31 (webtiles) character file.

Game seed: 1860166389709975118

19604 Cheops the Jinx (level 12, -26/59 HPs)
             Began as a Deep Elf Conjurer on Sept 6, 2023.
             Was a Priest of Vehumet.
             Annihilated by a white ugly thing (35 damage)
             ... on level 13 of the Dungeon on Sept 7, 2023.
             The game lasted 01:22:04 (17807 turns).

Cheops the Jinx (Deep Elf Conjurer)                Turns: 17807, Time: 01:22:05

Health: -26/59     AC: 13    Str:  4    XL:     12   Next: 38%
Magic:  23/29      EV: 15    Int: 29    God:    Vehumet [***...]
Gold:   810        SH:  5    Dex: 13    Spells: 5/33 levels left

rFire   . . .        a - +8 short sword (flame)
rCold   . . .        (no shield)
rNeg    . . .        D - +1 steam dragon scales
rPois   +            s - +0 helmet
rElec   .            h - +0 cloak
rCorr   .            (no gloves)
SInv    .            v - +0 pair of boots
Will    +....        x - amulet of reflection
Stlth   ++           P - ring of poison resistance
HPRegen 0.29/turn    O - +4 ring of protection
MPRegen 0.21/turn

%: reflection
@: no status effects
A: no striking features
a: Renounce Religion


You were on level 13 of the Dungeon.
You worshipped Vehumet.
Vehumet was most pleased with you.
You visited 2 branches of the dungeon, and saw 14 of its levels.
You also visited: Sewer.

You collected 810 gold pieces.

Inventory:

Hand Weapons
 a - a +8 short sword of flaming (weapon)
 b - a +1 short sword of venom
 r - a +0 dagger of holy wrath
Armour
 e - +0 acid dragon scales
 h - a +0 cloak (worn)
 s - a +0 helmet (worn)
 v - a +0 pair of boots (worn)
 D - +1 steam dragon scales (worn)
Jewellery
 t - an amulet of regeneration
 x - an amulet of reflection (around neck)
 L - a +4 ring of slaying
 O - a +4 ring of protection (right hand)
 P - a ring of poison resistance (left hand)
Wands
 B - a wand of charming (6)
 G - a wand of flame (29)
 J - a wand of roots (5)
 R - a wand of quicksilver (3)
Scrolls
 f - 4 scrolls of fear
 g - 4 scrolls of teleportation
 j - 5 scrolls of vulnerability
 n - a scroll of fog
 q - 3 scrolls of amnesia
 y - 3 scrolls of immolation
 A - a scroll of poison
 K - 3 scrolls of magic mapping
 N - a scroll of butterflies
Potions
 c - 4 potions of flight {unknown}
 d - a potion of attraction {unknown}
 k - 3 potions of invisibility {unknown}
 l - 3 potions of haste {unknown}
 m - 4 potions of heal wounds {unknown}
 o - 4 potions of might {unknown}
 p - 2 potions of lignification {unknown}
 u - 4 potions of curing {unknown}
 w - 2 potions of brilliance {unknown}
 z - 2 potions of mutation {unknown}
 C - a potion of magic
 E - a potion of ambrosia {unknown}
 I - a potion of berserk rage {unknown}
Miscellaneous
 M - a phantom mirror


   Skills:
 - Level 8.0 Dodging
 - Level 2.4 Stealth
 - Level 11.0 Spellcasting
 - Level 10.0 Conjurations
 - Level 13.5 Hexes
 + Level 10.1 Summonings
 - Level 9.0 Translocations


You had 5 spell levels left.
You knew the following spells:

 Your Spells              Type           Power      Damage    Failure   Level
a - Magic Dart            Conj           100%       1d8       1%          1
b - Searing Ray           Conj           100%       2d8       1%          2
d - Dazzling Flash        Conj/Hex       100%       N/A       1%          3
i - Iskenderun's Mystic   Conj/Tloc      63%        2d13      1%          4
p - Fulminant Prism       Conj/Hex       35%        3d17      1%          4
C - Call Canine Familiar  Summ           66%        N/A       1%          3
G - Summon Cactus Giant   Summ           33%        N/A       8%          6
V - Summon Mana Viper     Hex/Summ       71%        N/A       1%          5

Your spell library contained the following spells:

 Spells                   Type           Power      Damage    Failure   Level
 Ignite Poison            Fire/Tmut/Pois 15%        N/A       2%          3
 Apportation              Tloc           100%       N/A       1%          1
 Summon Small Mammal      Summ           100%       N/A       1%          1
 Portal Projectile        Hex/Tloc       100%       N/A       1%          3
 Leda's Liquefaction      Hex/Erth       26%        N/A       1%          4
 Summon Forest            Summ/Tloc      32%        N/A       1%          5
 Necrotise                Necr           60%        1d7       3%          1
 Lee's Rapid Deconstruct  Erth           7%         3d7*      24%         5
 Alistair's Intoxication  Tmut/Pois      10%        N/A       67%         5
 Statue Form              Tmut/Erth      10%        N/A       99%         6


Dungeon Overview and Level Annotations

Branches:
Dungeon (13/15)            Temple (1/1) D:6            Lair (0/5) D:9
    Orc (0/2) D:9           Sewer (visited)
 Vaults: D:13-14

Altars:
Ashenzari
Cheibriados
Dithmenos
Elyvilon
Fedhas
Gozag
Hepliaklqana
Kikubaaqudgha
Makhleb
Nemelex Xobeh
Okawaru
Qazlal
Ru
Sif Muna
Trog
Uskayaw
Vehumet
Wu Jian
Xom
Yredelemnul
Zin
The Shining One

Shops:
D:2 :   D:6 *   D:9 :

Annotations:
D:5 1 runed translucent door, CareLess's ghost, amateur DsBe
D:8 1 runed translucent door


Message History

Orders for allies: a - Attack new target. r - Retreat! s - Stop attacking. g - Guard the area. f - Follow me.
Anything else - Cancel.
Gang up on whom?
Press: ? - help, Dir - move target, f - white ugly thing
Aim: a white ugly thing (ally target) Attack!
Your warg bites the white ugly thing!
Your warg closely misses the white ugly thing.
Your mana viper bites the white ugly thing.
The white ugly thing misses your mana viper.
Your warg misses the white ugly thing.
Your mana viper bites the white ugly thing.
Your warg bites the white ugly thing!
Your mana viper barely misses the white ugly thing.
Casting: Summon Mana Viper (dangerous; 1% risk of failure)
Confirm with . or Enter, or press ? or * to list all spells.
Okay, then.
Aiming: Magic Dart (safe; 1% risk of failure)
Press: ? - help, Q - select action, (/) - cycle Shift-Dir - straight line, f/p - white ugly thing
Aim: a white ugly thing (moderately wounded, ally target, 100% to hit)
The magic dart hits the white ugly thing.
The white ugly thing is heavily wounded.
Your mana viper closely misses the white ugly thing.
Your warg bites the white ugly thing!
The white ugly thing tail-slaps you. The white ugly thing freezes you!!
Ouch! That really hurt!
* * * LOW HITPOINT WARNING * * *
Aiming: Magic Dart (safe; 1% risk of failure)
Press: ? - help, Q - select action, (/) - cycle Shift-Dir - straight line, f/p - white ugly thing
Aim: a white ugly thing (heavily wounded, ally target, 100% to hit)
The magic dart hits the white ugly thing but does no damage.
The white ugly thing is heavily wounded.
Your mana viper bites the white ugly thing!!
Your warg barely misses the white ugly thing.
The white ugly thing tail-slaps you.
* * * LOW HITPOINT WARNING * * *
The white ugly thing freezes you!!
Ouch! That really hurt!
You die...

.. ....................
.# #########..#########
##.############.........
.)......................
........................
#############...#######.
................h.......
...............Su.......
................@...###
#######...#######...#
#######...##### ...#
............... .....
##.############ .......
#.# .###### #.# .# #.#
.# #.#


You could see a white ugly thing (ally target), a friendly mana viper (summoned)
and a friendly warg (summoned).

Vanquished Creatures
  A rakshasa (D:10)
  A two-headed ogre (D:10)
  An orange crystal statue (D:11)
  A cyclops (D:12)
  Maurice (D:8)
  A gargoyle (D:10)
  An unseen horror (D:11)
  Psyche (D:9)
  A yaktaur (D:8)
  2 trolls
  Grinder (D:4)
  2 shadows
  A wyvern (D:10)
  A water elemental (D:11)
  5 wraiths
  18 yaks
  2 vampire mosquitoes (D:10)
  A steam dragon (D:6)
  3 acid dragons
  2 water moccasins (D:7)
  2 ice beasts
  3 orc warriors
  An ogre (D:4)
  5 centaurs
  2 phantoms
  2 kobold brigands
  4 bullfrogs
  2 scorpions (D:6)
  3 gnoll sergeants
  9 wights
  5 killer bees
  2 electric eels (D:11)
  3 howler monkeys
  5 hounds
  A jelly (D:6)
  8 orc priests
  3 gnoll boudas
  3 iguanas
  A sleepcap (D:6)
  Natasha (thrice) (D:3)
  3 orc wizards
  A hell rat (Sewer)
  Robin (D:3)
  23 gnolls
  10 adders
  4 river rats (Sewer)
  A shadow imp (D:6)
  2 white imps
  An ufetubus (D:3)
  3 worms
  3 dart slugs
  40 orcs
  4 bats
  3 endoplasms
  2 giant cockroaches (D:3)
  15 goblins
  11 hobgoblins
  5 jackals
  14 kobolds
  7 quokkas
  7 ball pythons
  3 frilled lizards
  12 rats
289 creatures vanquished.

Vanquished Creatures (collateral kills)
  A boulder beetle (D:12)
  A centaur warrior (D:13)
  A catoblepas (D:13)
  A two-headed ogre (D:11)
  Nergalle (D:12)
  A deep elf pyromancer (D:12)
  A cyclops (D:12)
  A gargoyle (D:11)
  2 kobold demonologists (D:13)
  An unseen horror (D:12)
  A yaktaur (D:10)
  2 slime creatures (D:12)
  2 vampires
  5 water elementals
  An acid dragon (D:11)
  A kobold brigand (D:13)
  A nameless horror (D:13)
  3 electric eels
  A howler monkey (D:10)
  A mummy (D:10)
29 creatures vanquished.

Vanquished Creatures (others)
  A kobold (D:13)
  56 fulminant prisms
57 creatures vanquished.

Grand Total: 375 creatures vanquished

Notes
Turn   | Place    | Note
-------+----------+-------------------------------------------
     0 | D:1      | Cheops the Deep Elf Conjurer began the quest for the Orb.
     0 | D:1      | Reached XP level 1. HP: 10/10 MP: 6/6
   231 | D:1      | Reached XP level 2. HP: 8/15 MP: 1/9
   818 | D:1      | Learned a level 2 spell: Searing Ray
  1175 | D:2      | Reached skill level 5 in Spellcasting
  1175 | D:2      | Reached XP level 3. HP: 13/19 MP: 3/11
  1184 | D:2      | Learned a level 3 spell: Dazzling Flash
  1335 | D:2      | Found a shimmering altar of Xom.
  1421 | D:2      | Found Nofy's Book Boutique.
  1572 | D:2      | Reached skill level 5 in Conjurations
  1782 | D:2      | Reached XP level 4. HP: 24/24 MP: 8/13
  2123 | D:2      | Learned a level 4 spell: Fulminant Prism
  2252 | D:3      | Found a glowing drain.
  2342 | Sewer    | Entered a sewer
  2701 | Sewer    | Reached skill level 1 in Hexes
  2701 | Sewer    | Reached XP level 5. HP: 28/28 MP: 4/14
  2905 | D:3      | Noticed Robin
  2907 | D:3      | Reached skill level 2 in Hexes
  2909 | D:3      | Killed Robin
  3111 | D:3      | Reached skill level 3 in Hexes
  3297 | D:3      | Found a white marble altar of Elyvilon.
  3419 | D:3      | Noticed Natasha
  3422 | D:3      | Killed Natasha
  3423 | D:3      | Reached skill level 4 in Hexes
  3510 | D:3      | Reached XP level 6. HP: 32/32 MP: 10/15
  3516 | D:3      | Reached skill level 5 in Hexes
  3780 | D:3      | Noticed Natasha
  3789 | D:3      | Killed Natasha
  3935 | D:3      | Noticed Natasha
  3944 | D:3      | Killed Natasha
  4022 | D:3      | Learned a level 4 spell: Iskenderun's Mystic Blast
  4297 | D:4      | Reached skill level 6 in Hexes
  4540 | D:4      | Found a shadowy altar of Dithmenos.
  4549 | D:4      | Noticed Grinder
  4553 | D:4      | Paralysed by Grinder for 3 turns
  4556 | D:4      | Killed Grinder
  4557 | D:4      | Reached skill level 8 in Hexes
  4557 | D:4      | Reached XP level 7. HP: 36/36 MP: 6/16
  4924 | D:4      | Found an opulent altar of Gozag.
  4977 | D:4      | Reached skill level 9 in Hexes
  5203 | D:5      | Entered Level 5 of the Dungeon
  5209 | D:5      | Reached skill level 1 in Translocations
  5565 | D:5      | Reached XP level 8. HP: 34/41 MP: 2/19
  5751 | D:5      | Found a hazy altar of Hepliaklqana.
  5821 | D:5      | Found a blossoming altar of Fedhas.
  5825 | D:5      | Found a runed translucent door.
  5830 | D:5      | Noticed CareLess's ghost (amateur DsBe)
  5915 | D:5      | Found a burning altar of Makhleb.
  5915 | D:5      | Noticed a cacodemon
  6065 | D:5      | Found a glowing golden altar of the Shining One.
  6576 | D:6      | Found Razof's Lightly-Used Armoury.
  6598 | D:6      | Reached skill level 5 in Translocations
  6636 | D:6      | Found a broken altar of Ashenzari.
  6668 | D:6      | Found a sacrificial altar of Ru.
  6928 | D:6      | Found a stormy altar of Qazlal.
  7033 | D:6      | Found a staircase to the Ecumenical Temple.
  7048 | Temple   | Entered the Ecumenical Temple
  7244 | Temple   | Became a worshipper of Vehumet
  7913 | D:7      | Reached XP level 9. HP: 21/45 MP: 8/20
  8428 | D:7      | Reached * piety under Vehumet
  8428 | D:7      | Offered knowledge of Foxfire by Vehumet.
  9632 | D:7      | Reached skill level 10 in Hexes
  9921 | D:8      | Identified the +0 leather armour of Zeomuass {Dex+5}
 10000 | D:8      | Noticed a yaktaur
 10008 | D:8      | Killed a yaktaur
 10009 | D:8      | Reached skill level 11 in Hexes
 10218 | D:8      | Found a bloodstained altar of Trog.
 10377 | D:8      | Reached skill level 12 in Hexes
 10450 | D:8      | Noticed Maurice
 10454 | D:8      | Killed Maurice
 10467 | D:8      | Reached XP level 10. HP: 50/50 MP: 10/23
 10670 | D:8      | Noticed a sixfirhy
 10673 | D:8      | Found a runed translucent door.
 10825 | D:8      | Reached skill level 10 in Spellcasting
 11018 | D:8      | Learned a level 5 spell: Summon Mana Viper
 11022 | D:8      | Learned a level 3 spell: Call Canine Familiar
 11160 | D:9      | Reached ** piety under Vehumet
 11160 | D:9      | Offered knowledge of Poisonous Vapours by Vehumet.
 11163 | D:9      | Reached skill level 1 in Summonings
 11482 | D:9      | Found a staircase to the Lair.
 11760 | D:9      | Noticed Psyche
 11766 | D:9      | Killed Psyche
 11767 | D:9      | Reached skill level 5 in Summonings
 11801 | D:9      | Found Feyhedum's Book Boutique.
 12242 | D:9      | Offered knowledge of Frozen Ramparts by Vehumet.
 12346 | D:9      | Reached XP level 11. HP: 54/54 MP: 16/27
 12405 | D:9      | Found a staircase to the Orcish Mines.
 12414 | D:9      | Reached *** piety under Vehumet
 12522 | D:10     | Entered Level 10 of the Dungeon
 12913 | D:10     | Noticed a two-headed ogre
 12920 | D:10     | Killed a two-headed ogre
 12921 | D:10     | Reached skill level 10 in Conjurations
 13127 | D:10     | Noticed a rakshasa
 13138 | D:10     | Killed a rakshasa
 13139 | D:10     | Reached skill level 5 in Dodging
 13558 | D:10     | Found a snail-covered altar of Cheibriados.
 13726 | D:10     | Found a shimmering blue altar of Sif Muna.
 14233 | D:10     | Found a snail-covered altar of Cheibriados.
 14552 | D:10     | Found a shimmering blue altar of Sif Muna.
 14673 | D:11     | Noticed a two-headed ogre
 14688 | D:11     | Killed a two-headed ogre
 15225 | D:11     | Noticed an orange crystal statue
 15304 | D:11     | Noticed a boulder beetle
 15318 | D:11     | HP: 1/54 [boulder beetle[an orange crystal statue] (21)]
 15679 | D:11     | Noticed a boulder beetle
 16160 | D:11     | Killed an orange crystal statue
 16758 | D:12     | Noticed a deep elf pyromancer
 16762 | D:12     | Killed a deep elf pyromancer
 16763 | D:12     | Reached XP level 12. HP: 59/59 MP: 26/29
 16790 | D:12     | Noticed Nergalle
 16809 | D:12     | Killed Nergalle
 16833 | D:12     | Offered knowledge of Ignite Poison by Vehumet.
 17062 | D:12     | Reached skill level 13 in Hexes
 17084 | D:12     | Noticed a boulder beetle
 17095 | D:12     | Killed a boulder beetle
 17465 | D:12     | Learned a level 6 spell: Summon Cactus Giant
 17536 | D:13     | Noticed a centaur warrior
 17544 | D:13     | Killed a centaur warrior
 17748 | D:13     | Noticed a catoblepas
 17759 | D:13     | Killed a catoblepas
 17760 | D:13     | Reached skill level 10 in Summonings
 17807 | D:13     | Annihilated by a white ugly thing

Illustrated notes

Levels and vault maps discovered:
D:1:      minmay_arrival_diagonal_passages, layout_rooms, serial_forest,
          infiniplex_forest_straight_5, infiniplex_forest_clump_tiny,
          infiniplex_forest_clump_tiny, infiniplex_forest_clump_small,
          infiniplex_forest_diagonal, infiniplex_forest_clump_small,
          infiniplex_forest_lined_room_2
D:2:      layout_loops_corners, basic_altar, serial_shops, shop,
          dreamdust_wishing_well
D:3:      layout_loops_ring, elyvilon_altar_1, portal_sewer_entry_f,
          uniq_natasha, uniq_robin
D:4:      layout_rooms, grunt_gozag_breadcrumbs,
          nicolae_dithmenos_through_a_glass_darkly, uniq_grinder
D:5:      layout_rooms, worldfamousw_hep_ancestral_shrine,
          makhleb_altar_promises_db, tso_oasis_becter, kennysheep_mini,
          ebering_ghost_inner_flame
D:6:      layout_layer_cave, grunt_qazlal_clouds,
          nicolae_overflow_hidden_temple, ashenzari_conservatory_becter,
          minmay_temple_entry_trees, minmay_shop_damaged,
          kennysheep_generic_room_2
D:7:      layout_loops_ring, minmay_misc_feat_columns
D:8:      cheibrodos_shockbox, layout_gridville, mainiacjoe_overflow_chevrons,
          kennysheep_just_a_vault, uniq_maurice
D:9:      layout_loops_ring, lair_entry_dummy, minmay_orc_entry_temple_small,
          serial_shops, nicolae_shop_waterfront, uniq_psyche
D:10:     kennysheep_blocky_room, layout_rooms, slow_altar_1,
          lemuel_blue_sif_altar
D:11:     layout_basic, minmay_protected_statue
D:12:     layout_big_octagon, serial_rivers, chequers_serial_rivers_micro_c,
          chequers_serial_rivers_small_3, chequers_serial_rivers_room_b,
          chequers_serial_rivers_room_a, uniq_nergalle
D:13:     layout_long_grid, david_vaults_1
Temple:   hellmonk_temple_forest_ring

Skill      XL: |  1  2  3  4  5  6  7  8  9 10 11 12 |
---------------+-------------------------------------+-----
Spellcasting   | 4 5 6 7 10 11 | 11.0
Conjurations   | 5 6 8 9 10 | 10.0
Hexes          | 1 4 8 9 12 13 | 13.5
Translocations | 2 8 9 |  9.0
Summonings     | 7 8 10 | 10.1
Dodging        | 8 |  8.0
Stealth        | |  2.4

Action                     |  1- 3 |  4- 6 |  7- 9 | 10-12 || total
---------------------------+-------+-------+-------+-------++-------
  Melee: Dagger            |     8 |       |     1 |       ||     9
         Unarmed           |     3 |       |       |       ||     3
         Short sword       |       |       |       |    10 ||    10
   Cast: Magic Dart        |    69 |    72 |    73 |    66 ||   280
         Searing Ray       |       |    34 |    76 |    47 ||   157
         Fulminant Prism   |       |     3 |     9 |    44 ||    56
         Iskenderun's Myst |       |       |     3 |    29 ||    32
         Summon Mana Viper |       |       |       |    22 ||    22
         Call Canine Famil |       |       |       |    18 ||    18
         Dazzling Flash    |       |       |       |     1 ||     1
         Summon Cactus Gia |       |       |       |     1 ||     1
  Evoke: Wand              |       |       |       |     1 ||     1
    Use: Scroll            |       |       |     6 |    11 ||    17
 Armour: Robe              |     3 |       |       |       ||     3
         Leather armour    |     1 |    10 |     8 |       ||    19
         Steam dragon scal |       |       |     6 |    29 ||    35
  Dodge: Dodged            |    21 |    47 |   106 |   146 ||   320
  Block: Other             |       |       |       |    11 ||    11
         Reflection        |       |       |       |     2 ||     2
